 Dungeon Crawl Stone Soup version 0.20.1-1-g8b1a95d (webtiles) character file.

67 Lanoc the Gusty (level 4, -3/36 HPs)
             Began as a Tengu Air Elementalist on Nov 27, 2017.
             Slain by a bullfrog (4 damage)
             ... on level 3 of the Dungeon.
             The game lasted 00:06:01 (1433 turns).

Lanoc the Gusty (Tengu Air Elementalist)            Turns: 1433, Time: 00:06:02

Health: -3/36      AC: 22    Str:  8    XL:     4   Next: 18%
Magic:  2/8        EV:  2    Int: 16    God:
Gold:   39         SH:  0    Dex: 15    Spells: 1/8 levels left

rFire    . . .     SeeInvis .   (no weapon)
rCold    . . .     Gourm    .   (no shield)
rNeg     + + +     Faith    .   (armour currently unavailable)
rPois    +         Spirit   .   (helmet currently unavailable)
rElec    .         Reflect  .   (cloak currently unavailable)
rCorr    .         Harm     .   (gloves currently unavailable)
MR       .....     NoTele   +   (boots unavailable)
Stlth    ++........             (no amulet)
Regen    0.2/turn               (no ring)
MPRegen  0.2/turn               (no ring)

@: tree-form
A: no striking features
a: no special abilities


You were on level 3 of the Dungeon.
You were not hungry.
You were a tree.
You visited 1 branch of the dungeon, and saw 3 of its levels.

You collected 39 gold pieces.

Inventory:

Armour
 a - a +0 robe (melded)
 f - a +1 pair of gloves
Scrolls
 d - 2 scrolls of identify {unknown}
 g - 2 scrolls of magic mapping {unknown}
 h - a scroll of teleportation {unknown}
 k - a scroll of enchant armour {unknown}
 n - a scroll of random uselessness {unknown}
Potions
 i - a potion of curing {unknown}
 j - a potion of resistance {unknown}
 o - a potion of agility {unknown}
Books
 b - a book of Air

   Spells                             Type                      Level
   a - Shock                          Conjuration/Air              1
   b - Swiftness                      Charms/Air                   2
   c - Static Discharge               Conjuration/Air              3
   d - Airstrike                      Air                          4
   e - Lightning Bolt                 Conjuration/Air              5
Comestibles
 c - 2 bread rations
 l - 4 chunks of flesh
 m - a meat ration
 p - 3 fruits


   Skills:
 + Level 2.4 Dodging
 + Level 2.1 Stealth
 + Level 2.6 Spellcasting
 + Level 2.5 Conjurations
 + Level 5.2 Air Magic


You had one spell level left.
You knew the following spells:

 Your Spells              Type           Power        Failure   Level  Hunger
a - Shock                 Conj/Air       ##..         4%          1    #......
b - Swiftness             Chrm/Air       ##......     10%         2    ##.....
c - Airstrike             Air            ###.......   22%         4    #####..


Dungeon Overview and Level Annotations

Branches:
Dungeon (3/15)

Altars:


Innate Abilities, Weirdness & Mutations

((You have a beak for a mouth.))
((You have claws for feet.))


Message History

The bullfrog misses you.
A goblin comes into view.
The bullfrog hits you.
The bullfrog hits you but does no damage.
The bullfrog hits you!
Casting: Shock
Confirm with . or Enter, or press ? or * to list all spells.
Okay, then.
The bullfrog hits you. The bullfrog hits you. The bullfrog hits you!
* * * LOW HITPOINT WARNING * * *
It was a potion of lignification.
You turn into a tree.
Your +0 robe melds into your body.
Your roots penetrate the ground.
The bullfrog hits you but does no damage.
You hit the bullfrog.
The bullfrog is heavily wounded.
The bullfrog hits you but does no damage.
The bullfrog hits you.
You die...

. ..........#### .... ##.
#######......# . ... ..
#.#....... ..(.. .#
#.#####.#. #.#$# ##.#
#..######.### .. ...# #..#
#..........# # .##.####.#
######.###.##.
.....#.<.#######...........
#.......).....♣F.........
#÷...########............#
##..## ##...........# #..#
############# ####


You could see a bullfrog.

Vanquished Creatures
  3 adders (D:2)
  A worm (D:2)
  A dart slug (D:2)
  2 leopard geckos (D:2)
  5 bats
  A giant cockroach (D:2)
  5 goblins
  3 hobgoblins
  3 frilled lizards
  10 kobolds
  4 rats
38 creatures vanquished.

Notes
Turn   | Place    | Note
-------+----------+-------------------------------------------
     0 | D:1      | Lanoc the Tengu Air Elementalist began the quest for the Orb.
     0 | D:1      | Reached XP level 1. HP: 10/10 MP: 4/4
   223 | D:1      | Reached XP level 2. HP: 15/15 MP: 4/6
   248 | D:1      | Learned a level 2 spell: Swiftness
   887 | D:2      | Reached XP level 3. HP: 19/19 MP: 0/7
  1171 | D:2      | Reached skill level 5 in Air Magic
  1217 | D:2      | Reached XP level 4. HP: 20/24 MP: 1/8
  1356 | D:2      | Learned a level 4 spell: Airstrike
  1415 | D:3      | Noticed a bullfrog
  1431 | D:3      | HP: 1/24 [bullfrog (8)]
  1433 | D:3      | Slain by a bullfrog

Skill      XL: |  1  2  3 |
---------------+----------+-----
Conjurations   | 2 |  2.5
Air Magic      | 5 |  5.2
Dodging        | |  2.4
Stealth        | |  2.1
Spellcasting   | |  2.6

Action                   |  1- 3 |  4- 6 || total
-------------------------+-------+-------++-------
Melee: Unarmed           |       |     8 ||     8
       Kick              |       |     3 ||     3
       Peck              |       |     1 ||     1
 Cast: Shock             |    58 |    11 ||    69
       Airstrike         |       |     1 ||     1
  Use: Potion            |       |     1 ||     1
  Eat: Chunk             |     2 |     1 ||     3
Armor: Robe              |     6 |     3 ||     9
       Skin              |       |     2 ||     2
Dodge: Dodged            |    14 |     3 ||    17
